Map: Triton EC

Players

Parian - Winner!

  • Race: Terran Terran
  • League: Silver
  • Spawn Location: 11:00

VOD

Have the link to the VOD?

Description

Time

  • Played on: March 6, 2020, 11:52 a.m.
  • Length: 16:09
Show
View Real Time Build Order
Export as new Build Order

Parian Terran - Winner!

Build Orders:  

Get SALT Encoding   

  12  0:00  SCV  
  13  0:17  SCV  
  14  0:24  Supply Depot  
  14  0:34  SCV  
  15  0:54  SCV  
  15  0:56  Barracks  
  16  1:04  Refinery  
  16  1:11  SCV  
  17  1:28  SCV  
  18  1:45  SCV  
  19  2:05  Orbital Command  
  19  2:07  Barracks Reactor  
  19  2:26  Command Center  
  19  2:39  Supply Depot  
  19  2:44  SCV  
  20  2:59  Marine  
  21  3:00  Marine  
  21  3:07  SCV  
  23  3:19  Bunker  
  23  3:24  SCV  
  24  3:31  Factory  
  24  3:33  Marine  
  24  3:34  Marine  
  26  3:41  SCV  
  27  3:58  Marine, SCV  
  27  3:59  Marine  
  30  4:00  Supply Depot  
  30  4:14  SCV, Orbital Command  
  31  4:24  Marine  
  32  4:31  SCV  
  32  4:32  Refinery  
  32  4:39  Starport  
  33  4:41  Factory Tech Lab  
  33  4:48  SCV  
  34  4:51  SCV  
  35  5:00  Supply Depot  
  35  5:03  Marine x2  
  35  5:07  SCV  
  35  5:08  SCV  
  39  5:12  Cyclone  
  42  5:24  SCV  
  42  5:25  SCV  
  42  5:28  Marine x2  
  46  5:35  Starport Reactor  
  46  5:40  Viking  
  46  5:48  Supply Depot  
  48  5:50  Supply Depot  
  48  5:52  SCV x2  
  48  5:53  Marine  
  51  6:09  SCV  
  52  6:14  Command Center  
  52  6:19  SCV  
  53  6:22  Marine x2  
  53  6:26  SCV  
  53  6:27  Starport Reactor  
  56  6:37  Barracks  
  56  6:44  Siege Tank  
  56  6:46  Barracks  
  56  6:47  SCV  
  60  6:56  Supply Depot  
  60  7:01  SCV  
  60  7:02  Supply Depot  
  60  7:03  Marine x2  
  63  7:14  SCV  
  63  7:18  SCV  
  65  7:21  Refinery  
  65  7:25  Refinery  
  65  7:28  Marine x2, Medivac  
  69  7:31  SCV  
  69  7:35  SCV  
  69  7:38  Siege Tank  
  74  7:43  Siege Tank  
  74  7:44  Marine  
  75  7:58  SCV x2  
  77  8:02  Marine  
  77  8:03  Marine x2  
  80  8:15  SCV x2  
  82  8:23  Siege Tank  
  85  8:32  SCV x2  
  85  8:33  Marine  
  85  8:34  Marine x2  
  85  8:36  Medivac  
  85  8:37  Medivac  
  94  8:52  SCV x2  
  94  8:59  Marine  
  99  9:04  Marine  
  99  9:06  Barracks Tech Lab  
  99  9:08  SCV  
  99  9:09  SCV  
  100  9:19  Barracks Reactor  
  100  9:23  Supply Depot  
  100  9:26  Supply Depot  
  100  9:29  Marine x2  
  102  9:35  Stimpack  
  102  9:41  Engineering Bay  
  102  9:43  SCV x2  
  102  9:46  Engineering Bay  
  104  9:54  Marine  
  104  9:56  Marine  
  104  9:57  Marine  
  61  10:00  SCV x2  
  109  10:11  Armory  
  109  10:16  SCV  
  109  10:17  SCV  
  109  10:19  Marine  
  112  10:21  Marine  
  112  10:23  Supply Depot  
  112  10:24  Supply Depot  
  112  10:29  Orbital Command  
  113  10:33  SCV  
  113  10:34  SCV  
  115  10:50  SCV  
  115  10:51  SCV  
  115  10:55  Terran Infantry Weapons Level 1  
  115  10:56  Terran Infantry Armor Level 1  
  117  11:14  Marine  
  117  11:15  Marine x4  
  117  11:18  Siege Tank  
  117  11:19  Viking, Medivac  
  129  11:38  Supply Depot x2  
  129  11:39  Marine  
  130  11:40  Marine x4  
  130  11:41  Terran Ship Weapons Level 1  
  130  11:42  Supply Depot  
  134  11:58  Refinery  
  134  12:01  Barracks, Viking, Medivac  
  134  12:02  Refinery  
  134  12:03  Cyclone  
  134  12:08  Marine x5, SCV x3  
  149  12:14  Supply Depot  
  149  12:22  Supply Depot  
  149  12:25  SCV  
  150  12:33  Marine x4  
  150  12:39  Marine  
  155  12:43  Viking, Medivac  
  155  12:48  Siege Tank  
  155  12:49  Unknown  
  162  12:58  Marine x3  
  165  13:18  Barracks x2  
  165  13:26  Marine x2  
  165  13:27  Marine x3  
  174  13:32  Siege Tank  
  179  13:41  Barracks Reactor  
  179  13:51  Marine x2  
  181  14:08  Command Center  
  181  14:13  Command Center  
  181  14:28  Barracks  
  181  14:32  Marine x3, Unknown, Siege Tank, Viking  
  181  14:33  Marine x2, Unknown, Viking  
  193  14:57  Marine  
  195  15:02  Reaper  
  195  15:07  Widow Mine  
Tags
 
League
Silver
Matchup
Co-op
Add a new tag
Caveats
  • Supply blocks, unpowered buildings, or Contaminate may cause inaccurate times.
  • Supply counts are checked every 10 seconds.